 Dungeon Crawl Stone Soup version 0.23.2 (webtiles) character file.

Game seed: 16489850680698043759

1214 Yunesin the Cleaver (level 8, 0/69 HPs)
             Began as a Minotaur Berserker on Apr 2, 2019.
             Was a Priest of Trog.
             Splashed by a jelly's acid (5 damage)
             ... on level 5 of the Dungeon on Apr 4, 2019.
             The game lasted 00:13:16 (5165 turns).

Yunesin the Cleaver (Minotaur Berserker)            Turns: 5165, Time: 00:13:17

Health: 0/69       AC: -2    Str: 22    XL:     8   Next: 22%
Magic:  0/7        EV:  7    Int:  4    God:    Trog [***...]
Gold:   233        SH:  0    Dex: 12    Spells: 7/7 levels left

rFire    . . .     SeeInvis .   a - +0 hand axe
rCold    . . .     Gourm    .   (no shield)
rNeg     . . .     Faith    .   p - +1 plate armour (curse)
rPois    .         Spirit   +   (helmet restricted)
rElec    .         Reflect  .   (no cloak)
rCorr    .         Harm     .   (no gloves)
MR       .....                  (no boots)
Stlth    ..........             l - amulet of guardian spirit
HPRegen  0.21/turn              (no ring)
MPRegen  0.10/turn              (no ring)

@: marked, corroded, studying Crossbows
A: retaliatory headbutt, horns 2
a: Berserk, Trog's Hand, Renounce Religion


You were on level 5 of the Dungeon.
You worshipped Trog.
Trog was most pleased with you.
You were very hungry.

You visited 1 branch of the dungeon, and saw 6 of its levels.

You collected 233 gold pieces.

Inventory:

Hand Weapons
 a - a +0 hand axe (weapon)
Armour
 p - a cursed +1 plate armour (worn)
Jewellery
 l - an amulet of guardian spirit (around neck)
 r - a +3 ring of dexterity {unknown}
Wands
 q - a wand of iceblast (12)
Scrolls
 d - a scroll of fear {unknown}
 h - 2 scrolls of random uselessness {unknown}
 i - 3 scrolls of identify
 k - a scroll of remove curse {unknown}
 m - a scroll of amnesia {unknown}
 s - a scroll of blinking {unknown}
 v - a scroll of enchant weapon {unknown}
Potions
 b - a potion of magic {unknown}
 e - 4 potions of curing
 f - a potion of heal wounds {unknown}
 g - a potion of flight {unknown}
 j - 2 potions of degeneration {unknown}
 n - 2 potions of haste {unknown}
 o - 3 potions of might {unknown}
 u - a potion of agility {unknown}
 w - a potion of resistance {unknown}
Books
 t - a manual of Crossbows
Comestibles
 c - 6 rations


   Skills:
 + Level 5.4 Fighting
 * Level 10.1 Axes
 + Level 5.9 Armour
 + Level 2.7 Dodging
 - Level 0.2 Stealth


You had 7 spell levels left.
You didn't know any spells.
Your spell library contained the following spells:

 Spells                   Type           Power        Failure   Level  Hunger
 Magic Dart               Conj           #...         100%        1    ##.....
 Blink                    Tloc           N/A          100%        2    ###....
 Call Imp                 Summ           #.......     100%        2    ###....
 Slow                     Hex            #.......     100%        2    ###....
 Conjure Flame            Conj/Fire      #.......     100%        3    ####...
 Mephitic Cloud           Conj/Pois/Air  #.......     100%        3    ####...


Dungeon Overview and Level Annotations

Branches:
Dungeon (6/15)             Temple (0/1) D:4

Altars:
Cheibriados
Dithmenos
Okawaru
Qazlal
Ru
Trog
Vehumet
Xom

Annotations:
D:6 Sigmund


Innate Abilities, Weirdness & Mutations

You reflexively headbutt those who attack you in melee.
You have a pair of horns on your head.


Message History

There is a stone staircase leading down here.
Quiver which item? (- for none, * to show all) (? for menu, Esc to quit)
Okay, then.
You feel better. The jelly barely misses you.
You hit the jelly but do no damage.
Your hands burn!
* * * LOW HITPOINT WARNING * * *
You headbutt the jelly, but do no damage.
The jelly is almost dead.
The jelly hits you.
* * * LOW HITPOINT WARNING * * *
The acid corrodes you!
You are splashed with acid!
* * * LOW HITPOINT WARNING * * *
You hit the jelly but do no damage.
Your hands burn!
* * * LOW HITPOINT WARNING * * *
The jelly is almost dead.
Unknown command.
The jelly hits you.
* * * LOW HITPOINT WARNING * * *
You are splashed with acid.
You die...

###### #.##
#....#########.##
#.##...........##
###.###############
#.....# # ######.#.#.## #
#...........########## 8
#.####.#.#...........##.
#.# #.@....########.#8.
#.# ###J#..# #.##. #.#
####>#..# #.##8 #.#
#.......# #.##. #.#
#.#.....## ###8.
####.###...##...# #.
#.รท.#...........# 8
#.##.###...##...#########
# #.##.#
#...###.###......###


You could see a jelly.

Vanquished Creatures
  2 ice beasts (D:5)
  A phantom (D:5)
  2 sky beasts
  3 ogres
  A big kobold (D:5)
  A bullfrog (D:6)
  An orc wizard (D:3)
  An orc priest (D:3)
  3 hounds
  An iguana (D:5)
  3 worker ants
  A worker ant zombie (D:5)
  4 adders
  2 oozes (D:4)
  5 worms
  2 dart slugs
  2 leopard geckos
  11 orcs (D:3)
  5 bats
  4 giant cockroaches
  2 goblins
  5 hobgoblins
  5 frilled lizards
  9 kobolds
  8 rats
84 creatures vanquished.

Notes
Turn   | Place    | Note
-------+----------+-------------------------------------------
     0 | D:1      | Yunesin the Minotaur Berserker began the quest for the Orb.
     0 | D:1      | Reached XP level 1. HP: 19/19 MP: 0/0
   343 | D:1      | Reached XP level 2. HP: 27/27 MP: 1/1
   366 | D:1      | Reached skill level 4 in Axes
  1045 | D:2      | Found an iron altar of Okawaru.
  1069 | D:2      | Found a snail-covered altar of Cheibriados.
  1114 | D:2      | Found a sacrificial altar of Ru.
  1169 | D:2      | Reached XP level 3. HP: 10/33 MP: 0/2
  1580 | D:2      | Reached ** piety under Trog
  2169 | D:3      | Reached skill level 5 in Axes
  2169 | D:3      | Reached XP level 4. HP: 15/41 MP: 1/3
  2586 | D:3      | Reached XP level 5. HP: 42/47 MP: 4/4
  2661 | D:3      | Noticed an ogre
  2672 | D:3      | Killed an ogre
  2672 | D:3      | Reached skill level 6 in Axes
  3085 | D:4      | Reached XP level 6. HP: 53/53 MP: 5/5
  3096 | D:4      | Found a bloodstained altar of Trog.
  3284 | D:4      | Reached skill level 7 in Axes
  3694 | D:4      | Found a staircase to the Ecumenical Temple.
  3954 | D:5      | Entered Level 5 of the Dungeon
  3954 | D:5      | Noticed a sky beast
  3955 | D:5      | Found a stormy altar of Qazlal.
  3987 | D:4      | Killed a sky beast
  4149 | D:5      | Noticed a sky beast
  4152 | D:5      | Killed a sky beast
  4152 | D:5      | Reached skill level 5 in Fighting
  4152 | D:5      | Reached skill level 8 in Axes
  4152 | D:5      | Reached XP level 7. HP: 50/61 MP: 6/6
  4168 | D:5      | Found a shimmering altar of Xom.
  4250 | D:5      | Reached *** piety under Trog
  4471 | D:5      | Reached skill level 9 in Axes
  4513 | D:5      | Reached skill level 5 in Armour
  4828 | D:5      | Reached XP level 8. HP: 67/68 MP: 7/7
  4860 | D:5      | Found a shadowy altar of Dithmenos.
  4860 | D:5      | Found a radiant altar of Vehumet.
  5100 | D:5      | Reached skill level 10 in Axes
  5157 | D:6      | Noticed Sigmund
  5165 | D:5      | Splashed by a jelly's acid

Skill      XL: |  1  2  3  4  5  6  7  8 |
---------------+-------------------------+-----
Fighting       | 4 5 |  5.4
Axes           | 4 5 6 8 9 10 | 10.1
Armour         | 3 4 5 |  5.9
Dodging        | |  2.7
Stealth        | |  0.2

Action                   |  1- 3 |  4- 6 |  7- 9 || total
-------------------------+-------+-------+-------++-------
Melee: Hand axe          |   112 |    99 |   114 ||   325
       Headbutt          |    22 |    19 |    29 ||    70
  Use: Scroll            |     4 |       |       ||     4
       Potion            |       |       |     1 ||     1
  Eat: Chunk             |     4 |     4 |     1 ||     9
       Ration            |       |     1 |       ||     1
Armor: Animal skin       |     5 |       |       ||     5
       Ring mail         |     9 |       |       ||     9
       Plate armour      |    29 |    66 |    52 ||   147
Dodge: Dodged            |    48 |    29 |    28 ||   105
